 Dungeon Crawl Stone Soup version 0.29.0-5-ge4962eb29e (webtiles) character file.

Game seed: 15849047785409230661

3162 Arum the Thaumaturge (level 10, 0/63 HPs)
             Began as a Formicid Earth Elementalist on Aug 29, 2022.
             Was an Initiate of Vehumet.
             Slain by a spriggan
             ... wielding a +0 spear
              (6 damage)
             ... in a bailey.
             The game lasted 00:17:33 (7389 turns).

Arum the Thaumaturge (Formicid Earth Elementalist)  Turns: 7389, Time: 00:17:34

Health: 0/63       AC:  7    Str: 16    XL:     10   Next: 15%
Magic:  2/25       EV: 12    Int: 25    God:    Vehumet [......]
Gold:   330        SH:  0    Dex: 14    Spells: 23/31 levels left

rFire   + . .      SeeInvis +   j - +6 rapier of a sewer {vorpal, rElec Int+6}
rCold   . . .      Faith    .   (no shield)
rNeg    . . .      Spirit   .   a - +1 robe
rPois   +          Reflect  .   (helmet unavailable)
rElec   +          Harm     .   w - +2 cloak {rPois}
rCorr   .          Rampage  .   (no gloves)
Will    ++...                   t - +0 pair of boots
Stlth   ++........              (no amulet)
HPRegen 0.20/turn               c - ring "Orucon Ammy" {rPois Will+ Str+3}
MPRegen 0.19/turn               f - ring of protection from fire

@: no status effects
A: permanent stasis, dig shafts and tunnels, antennae 3, four strong arms
a: Dig, Renounce Religion


You were in a bailey.
You worshipped Vehumet.
Vehumet was noncommittal.
You visited 2 branches of the dungeon, and saw 8 of its levels.
You also visited: Bailey.

You collected 330 gold pieces.

Inventory:

Hand Weapons
 j - the +6 rapier of a sewer (weapon) {vorpal, rElec Int+6}
   (You found it on level 2 of the Dungeon)

   It inflicts extra damage upon your enemies.
   Int:       It affects your intelligence (+6).
   rElec:     It insulates you from electricity.
 q - a +3 halberd
 u - the +7 Throatcutter {drain, coup de grace}
   (You found it on level 4 of the Dungeon)

   A truly terrible weapon, it drains the life of any living foe it strikes.
   It may instantly kill foes which have little health.
Missiles
 d - 43 stones
 o - a throwing net
Armour
 a - a +1 robe (worn)
 t - a +0 pair of boots (worn)
 w - a +2 cloak of poison resistance (worn)
Jewellery
 c - the ring "Orucon Ammy" (left hand) {rPois Will+ Str+3}
   (You acquired it on level 5 of the Dungeon)

   [ring of willpower]

   Str:       It affects your strength (+3).
   rPois:     It protects you from poison.
   Will:      It increases your willpower.
 f - a ring of protection from fire (right hand)
Wands
 e - a wand of polymorph (12)
 g - a wand of mindburst (4)
 n - a wand of acid (9)
Scrolls
 i - 3 scrolls of vulnerability
 l - a scroll of identify
 y - 2 scrolls of enchant armour
Potions
 k - 2 potions of attraction
 m - a potion of resistance
 p - a potion of mutation


   Skills:
 - Level 1.7 Dodging
 - Level 2.4 Stealth
 * Level 11.3 Spellcasting
 - Level 1.1 Transmutations
 + Level 10.1 Earth Magic


You had 23 spell levels left.
You knew the following spells:

 Your Spells              Type           Power      Damage    Failure   Level
a - Sandblast             Erth           100%       2d20      1%          1
b - Petrify               Tmut/Erth      42%        N/A       4%          4
c - Stone Arrow           Conj/Erth      78%        3d11      1%          3

Your spell library contained the following spells:

 Spells                   Type           Power      Damage    Failure   Level
 Passwall                 Tmut/Erth      35%        N/A       1%          2
 Apportation              Tloc           28%        N/A       4%          1
 Necrotise                Necr           56%        1d6       4%          1
 Shock                    Conj/Air       56%        1d6       4%          1
 Summon Small Mammal      Summ           56%        N/A       4%          1
 Tukima's Dance           Hex            14%        N/A       13%         3
 Airstrike                Air            7%         2d(1-17)  38%         4
 Passage of Golubria      Tloc           14%        N/A       38%         4
 Yara's Violent Unravell  Hex/Tmut       8%         3d5       67%         5
 Swiftness                Air            Unusable   N/A       N/A         3

Dungeon Overview and Level Annotations

Branches:
Dungeon (7/15)             Temple (1/1) D:7          Bailey (1/1)

Altars:
Cheibriados
Elyvilon
Fedhas
Gozag
Hepliaklqana
Kikubaaqudgha
Nemelex Xobeh
Okawaru
Ru
Sif Muna
Uskayaw
Vehumet
Wu Jian
Xom
The Shining One

Shops:
D:1 *


Innate Abilities, Weirdness & Mutations

You cannot be hasted, slowed, berserked, paralysed or teleported.
You can dig through walls and to a lower floor.
You have a pair of large antennae on your head. (SInv)
Your four strong arms can wield two-handed weapons with a shield.


Message History

You kill the spriggan!
Vehumet accepts your kill.
Your Earth Magic skill increases to level 10!
You start resting.
A spriggan comes into view. It is wielding a +0 spear.
Casting: Petrify (dangerous; 4% risk of failure)
Confirm with . or Enter, or press ? or * to list all spells.
Aiming: Petrify (dangerous; 4% risk of failure)
Press: ? - help, Shift-Dir - straight line, f - spriggan
Aim: a spriggan, wielding a +0 spear and wearing +1 ice dragon scales (wandering, hasn't noticed you, chance to affect: 32%)
The spriggan easily resists.
The spriggan hits you with a +0 spear!
Casting: Petrify (dangerous; 4% risk of failure)
Confirm with . or Enter, or press ? or * to list all spells.
Aiming: Petrify (dangerous; 4% risk of failure)
Press: ? - help, Shift-Dir - straight line, f/p - spriggan
Aim: a spriggan, wielding a +0 spear and wearing +1 ice dragon scales (chance to affect: 32%)
The spriggan easily resists.
The spriggan hits you with a +0 spear.
* * * LOW HITPOINT WARNING * * *
Casting: Petrify (dangerous; 4% risk of failure)
Confirm with . or Enter, or press ? or * to list all spells.
Aiming: Petrify (dangerous; 4% risk of failure)
Press: ? - help, Shift-Dir - straight line, f/p - spriggan
Aim: a spriggan, wielding a +0 spear and wearing +1 ice dragon scales (chance to affect: 32%)
The spriggan is moving more slowly.
The spriggan hits you with a +0 spear!
* * * LOW HITPOINT WARNING * * *
Casting: Petrify (dangerous; 4% risk of failure)
Confirm with . or Enter, or press ? or * to list all spells.
Aiming: Petrify (dangerous; 4% risk of failure)
Press: ? - help, Shift-Dir - straight line, f/p - spriggan
Aim: a spriggan, wielding a +0 spear and wearing +1 ice dragon scales (petrifying slowly, chance to affect: 32%)
The spriggan easily resists.
The spriggan misses you.
Okay, then.
Aiming: Corrosive Bolt
Press: ? - help, Shift-Dir - straight line, f/p - spriggan
Aim: a spriggan, wielding a +0 spear and wearing +1 ice dragon scales (petrifying slowly, 100% to hit)
The bolt of acid hits the spriggan.
The acid corrodes the spriggan!
The spriggan is lightly wounded.
You hear a shout!
The spriggan hits you with a +0 spear.
You die...

###~~~~~###
##.........##
##......O....##
#....∩...∩....#
##......{....##
##.........##
###.....###
######i# #@##
###


You could see a spriggan (petrifying, corroded).

Vanquished Creatures
  Grinder (D:6)
  3 spriggans (Bailey)
  A steam dragon (Bailey)
  Grum (D:5)
  A water moccasin (D:5)
  2 ice beasts
  5 ogres
  A wolf (D:5)
  A centaur (D:7)
  A phantom (D:5)
  A kobold brigand (D:7)
  2 bullfrogs
  2 gnoll sergeants (D:5)
  A necrophage (D:5)
  A scorpion (D:7)
  12 hounds
  4 jellies
  An orc priest (D:4)
  Crazy Yiuf (D:4)
  3 orc wizards
  2 iguanas
  8 adders
  3 gnolls (D:5)
  3 ufetubi
  4 worms
  4 dart slugs
  8 orcs
  14 endoplasms
  4 giant cockroaches
  11 goblins
  6 hobgoblins
  7 quokkas
  5 ball pythons
  3 bats
  3 frilled lizards
  14 kobolds
  3 rats
147 creatures vanquished.

Vanquished Creatures (others)
  4 fungi (D:4)
  2 plants (D:2)
  4 toadstools (D:4)
10 creatures vanquished.

Grand Total: 157 creatures vanquished

Notes
Turn   | Place    | Note
-------+----------+-------------------------------------------
     0 | D:1      | Arum the Formicid Earth Elementalist began the quest for
                  | the Orb.
     0 | D:1      | Reached XP level 1. HP: 13/13 MP: 3/3
   120 | D:1      | Reached XP level 2. HP: 18/19 MP: 0/5
   296 | D:1      | Found Meulo's Assorted Antiques.
   824 | D:1      | Reached skill level 3 in Spellcasting
   889 | D:2      | Reached XP level 3. HP: 24/24 MP: 4/7
  1624 | D:2      | Found a faded altar of an unknown god.
  1737 | D:2      | Reached XP level 4. HP: 26/30 MP: 4/9
  1943 | D:2      | Identified the +6 rapier of a sewer {vorpal, rElec Int+6}
  2587 | D:3      | Found an ornate altar of the Wu Jian Council.
  2658 | D:3      | Found a glowing golden altar of the Shining One.
  2658 | D:3      | Found a shimmering altar of Xom.
  3238 | D:4      | Reached skill level 4 in Spellcasting
  3238 | D:4      | Reached XP level 5. HP: 35/35 MP: 6/11
  3552 | D:4      | Learned a level 4 spell: Petrify
  3556 | D:4      | Learned a level 3 spell: Stone Arrow
  3556 | D:4      | Found a faded altar of an unknown god.
  3595 | D:4      | Reached skill level 5 in Earth Magic
  3640 | D:4      | Noticed an ogre
  3643 | D:4      | Killed an ogre
  3644 | D:4      | Reached skill level 5 in Spellcasting
  3644 | D:4      | Reached XP level 6. HP: 41/41 MP: 11/14
  3923 | D:4      | Found the +7 Throatcutter {drain, coup de grace}
  4231 | D:4      | Found an iron altar of Okawaru.
  4373 | D:4      | Found a runed translucent door.
  4374 | D:4      | Noticed Crazy Yiuf
  4379 | D:4      | Killed Crazy Yiuf
  4380 | D:4      | Reached XP level 7. HP: 42/46 MP: 8/15
  4548 | D:5      | Entered Level 5 of the Dungeon
  4563 | D:5      | Reached skill level 6 in Spellcasting
  4588 | D:5      | Noticed a water moccasin
  4595 | D:5      | Killed a water moccasin
  4783 | D:5      | Reached skill level 7 in Spellcasting
  4848 | D:5      | Reached XP level 8. HP: 52/52 MP: 16/18
  4934 | D:5      | Identified a scroll of acquirement
  4934 | D:5      | Acquired the ring "Orucon Ammy" {rPois Will+ Str+3}
  5338 | D:5      | Reached skill level 8 in Spellcasting
  5563 | D:5      | Noticed Grum
  5566 | D:5      | Killed Grum
  5780 | D:5      | Reached XP level 9. HP: 48/57 MP: 15/21
  5915 | D:5      | Reached skill level 9 in Spellcasting
  6350 | D:6      | Noticed Grinder
  6364 | D:6      | Killed Grinder
  6778 | D:7      | Reached skill level 10 in Spellcasting
  6814 | D:7      | Found a staircase to the Ecumenical Temple.
  6835 | Temple   | Entered the Ecumenical Temple
  6844 | Temple   | Became a worshipper of Vehumet
  6885 | D:7      | Found a flagged portal.
  6919 | Bailey   | Entered a bailey
  7054 | Bailey   | Reached XP level 10. HP: 17/63 MP: 9/24
  7112 | Bailey   | Reached skill level 11 in Spellcasting
  7323 | Bailey   | Reached skill level 10 in Earth Magic
  7389 | Bailey   | Slain by a spriggan

Illustrated notes

Levels and vault maps discovered:
D:1:      scummos_arrival_star, layout_loops_ring, serial_shops,
          nicolae_shop_behind_doors, chequers_serial_rivers_small_b
D:2:      layout_basic, serial_forest, infiniplex_forest_straight_1,
          infiniplex_forest_corner_1, infiniplex_forest_clump_small,
          infiniplex_forest_end_3, infiniplex_forest_lined_corner,
          infiniplex_forest_clump_double, infiniplex_forest_clump_large,
          infiniplex_forest_zigzag_1, hellmonk_ecumenical_altar_heavens_door
D:3:      layout_basic, nicolae_wu_jian_wuxing_cycle,
          mainiacjoe_overflow_divided_tiny, minmay_cut_off
D:4:      cheibrodos_fertilizer, layout_cave_pools, overflow_temple_1_default,
          serial_column_ruins, column_ruins_temple_circle,
          column_ruins_columns_corner, column_ruins_grid_3,
          column_ruins_open_small, grunt_ministairs_9, uniq_crazy_yiuf_cottage
D:5:      layout_cave_pools, serial_gnoll_camp, gnoll_camp_mini_hut,
          grums_kennel, gnoll_camp_mini_loothouse, gnoll_camp_mini_hut,
          minmay_pentangle
D:6:      layout_rooms, minmay_misc_feat_iff, uniq_grinder
D:7:      layout_basic, temple_fountains, enter_bailey_2,
          dreamdust_princess_bridge, uniq_prince_ribbit1
Temple:   nicolae_temple_two_arcs
Bailey:   bailey_polearm_enchanted_keep_hellmonk, bailey

Skill      XL: |  1  2  3  4  5  6  7  8  9 10 |
---------------+-------------------------------+-----
Earth Magic    | 4 5 6 8 9 10 | 10.1
Spellcasting   | 3 4 5 7 8 10 11 | 11.3
Dodging        | |  1.7
Stealth        | |  2.4
Transmutations | |  1.1

Action                   |  1- 3 |  4- 6 |  7- 9 | 10-12 || total
-------------------------+-------+-------+-------+-------++-------
Melee: Rapier            |       |     2 |    25 |    19 ||    46
       Long sword        |       |    20 |       |       ||    20
       Punch             |       |       |     1 |     2 ||     3
 Cast: Sandblast         |    41 |    61 |    88 |       ||   190
       Stone Arrow       |       |     2 |    14 |       ||    16
       Petrify           |       |       |    19 |    14 ||    33
 Abil: Dig               |       |       |     1 |       ||     1
Evoke: Wand              |       |       |     2 |     1 ||     3
  Use: Scroll            |       |       |    21 |       ||    21
       Potion            |       |       |     5 |       ||     5
 Stab: Sleeping          |       |     1 |       |       ||     1
       Petrified         |       |       |    19 |    15 ||    34
       Petrifying        |       |       |     1 |     1 ||     2
Armor: Robe              |     1 |     2 |    11 |     1 ||    15
Dodge: Dodged            |     4 |    18 |    47 |     7 ||    76
